 Dungeon Crawl Stone Soup version 0.22-a0-445-g8c8ef71 (webtiles) character file.

12439 ohad the Carver (level 11, -12/83 HPs)
             Began as a Demonspawn Gladiator on May 30, 2018.
             Was an Initiate of Gozag.
             Killed from afar by Fannar (40 damage)
             ... with a bolt of cold
             ... on level 1 of the Orcish Mines on June 2, 2018.
             The game lasted 00:35:00 (10047 turns).

ohad the Carver (Demonspawn Gladiator)             Turns: 10047, Time: 00:35:01

Health: -12/83     AC: 14    Str: 17    XL:     11   Next: 62%
Magic:  0/11       EV:  8    Int: 10    God:    Gozag
Gold:   2366       SH:  6    Dex: 15    Spells: 10/10 levels left

rFire    . . .     SeeInvis .   J - +4 great sword (curse)
rCold    . . .     Gourm    .   (shield currently unavailable)
rNeg     + . .     Faith    .   X - +1 chain mail {rPois}
rPois    +         Spirit   +   (helmet restricted)
rElec    .         Reflect  .   p - +0 cloak
rCorr    .         Harm     .   w - +0 pair of gloves
MR       .....                  (no boots)
Stlth    ++........             n - amulet of regeneration
HPRegen  0.63/turn              j - ring of stealth
MPRegen  0.12/turn              y - ring of positive energy

@: no status effects
A: antennae 1, large bone plates 2, nightstalker 2, magic shield
a: Potion Petition, Call Merchant, Bribe Branch, Renounce Religion


You were on level 1 of the Orcish Mines.
You worshipped Gozag.
Gozag was most pleased with you.
You were not hungry.

You visited 2 branches of the dungeon, and saw 12 of its levels.
You also visited: Sewer.

You collected 3079 gold pieces.
You paid 713 gold pieces to Gozag.

Inventory:

Hand Weapons
 a - a +0 long sword
 o - a +3 long sword
 B - a +0 great sword
 H - a +1 dagger of flaming
 J - a cursed +4 great sword (weapon)
 Q - a +5 great sword
Missiles
 d - 4 throwing nets (quivered)
 F - 19 poisoned needles
 P - 5 silver tomahawks
 Y - 9 tomahawks of returning
Armour
 b - a +0 leather armour
 c - a +0 helmet
 g - a cursed +0 buckler
 l - a +0 scale mail
 p - a +0 cloak (worn)
 w - a +0 pair of gloves (worn)
 A - a +0 plate armour
 I - a +0 chain mail
 N - a +0 shield
 O - a +0 ring mail
 X - a +1 chain mail of poison resistance (worn)
Jewellery
 j - a ring of stealth (left hand)
 k - an uncursed ring of protection from fire
 n - an amulet of regeneration (around neck)
 y - a ring of positive energy (right hand)
 V - a +2 ring of protection {unknown}
Wands
 U - a wand of random effects (29)
Scrolls
 e - 7 scrolls of remove curse
 h - 2 scrolls of magic mapping {unknown}
 q - 3 scrolls of enchant armour {unknown}
 s - 8 scrolls of teleportation {unknown}
 u - a scroll of identify
 C - a scroll of brand weapon {unknown}
 D - 2 scrolls of holy word {unknown}
 G - a scroll of noise {unknown}
 K - a scroll of amnesia {unknown}
 L - a scroll of fog {unknown}
 S - a scroll of random uselessness {unknown}
Potions
 i - 2 potions of brilliance
 m - a potion of mutation {unknown}
 r - 6 potions of curing
 t - 2 potions of lignification
 v - a potion of flight
 x - a potion of heal wounds
 z - a potion of ambrosia
 E - a potion of berserk rage {unknown}
 M - a potion of resistance {unknown}
 R - a potion of invisibility
 T - 2 potions of agility {unknown}
 W - a potion of degeneration {unknown}
Comestibles
 f - 13 rations


   Skills:
 - Level 6.4 Fighting
 - Level 14.1 Long Blades
 - Level 2.0 Throwing
 + Level 6.7 Armour
 - Level 3.0 Dodging
 - Level 2.0 Stealth


You had 10 spell levels left.
You didn't know any spells.
Your spell library contained the following spells:

 Spells                   Type           Power        Failure   Level  Hunger
 Confuse                  Hex            #.......     100%        3    ####...
 Summon Small Mammal      Summ           #...         99%         1    ##.....
 Summon Ice Beast         Ice/Summ       #.......     100%        4    #####..
 Call Imp                 Summ           #.......     100%        2    ###....
 Tukima's Dance           Hex            #.......     100%        3    ####...
 Call Canine Familiar     Summ           #.......     100%        3    ####...
 Ensorcelled Hibernation  Hex/Ice        #.....       100%        2    ###....
 Corona                   Hex            #......      99%         1    ##.....
 Dazzling Spray           Conj/Hex       #.....       100%        3    ####...
 Summon Lightning Spire   Summ/Air       #.......     100%        4    #####..
 Summon Guardian Golem    Hex/Summ       #.......     100%        3    ####...


Dungeon Overview and Level Annotations

Branches:
Dungeon (11/15)            Temple (0/1) D:5            Lair (0/6) D:8
    Orc (1/2) D:11

Altars:
Gozag
Kikubaaqudgha
The Shining One

Annotations:
D:3 ketsa's ghost, amateur GnSk
Orc:1 Fannar


Innate Abilities, Weirdness & Mutations

You have a pair of small antennae on your head.
You are mostly covered in large bone plates. (SH +6)
You are significantly more attuned to the shadows.
When hurt, damage is shared between your health and your magic reserves.


Message History

The ice beast hits you but does no damage.
The ice beast closely misses you.
You riposte.
You slash the ice beast!
You kill the ice beast!
The orc warrior throws a tomahawk.
The tomahawk barely misses you.
The tomahawk hits the ice beast!
The orc wizard miscasts a cantrip.
The ice beast barely misses you.
You hit Fannar but do no damage.
Fannar is almost dead.
Fannar casts a spell.
The ice beast hits you but does no damage.
The orc warrior throws a tomahawk.
The tomahawk hits you but does no damage.
You block the ice beast's attack.
You barely miss Fannar.
Fannar is almost dead.
Fannar points at you and mumbles some strange words.
The bolt of cold hits you!
You die...
Your body crumbles into a pile of gold.

........########.......
......#..##.## ##≈.##..
...####......## #####..
... ###......### #...
...# #........#.####..#
....##.......#....))..
##..#$................
#...Y.##.#.........#.#
##.oY@{##.........####
....e.##.#.#...####
.....oo####.....#
...##.Y. ##.#.## ..#
##... ....## ..
##.....# ... $


You could see Fannar, an orc warrior, 3 ice beasts, an orc priest and an orc
wizard.

Vanquished Creatures
  2 two-headed ogres (D:8)
  Pikel (D:4)
  An ugly thing (D:10)
  A cyclops (D:11)
  A centaur zombie (D:10)
  A troll (Orc:1)
  Prince Ribbit (D:5)
  13 yaks
  Eustachio (D:4)
  A human (D:9)
  5 orc warriors
  A black bear (D:8)
  2 ice beasts
  3 sky beasts
  3 slaves
  A necrophage (D:8)
  3 phantoms
  7 ogres
  An eye of draining (D:10)
  9 centaurs
  3 crocodiles
  A big kobold (D:10)
  8 bullfrogs
  Blork the orc (D:5)
  4 scorpions
  8 killer bees
  9 wights
  7 howler monkeys
  8 crimson imps
  A quasit (D:6)
  A bullfrog skeleton (D:6)
  3 hounds
  9 orc priests
  A gnoll shaman (D:7)
  4 jellies
  A centaur skeleton (D:9)
  Natasha (thrice) (D:4)
  3 iguanas
  17 orc wizards
  13 worker ants
  A hound skeleton (D:4)
  A worker ant zombie (D:9)
  5 gnolls (D:7)
  19 adders
  3 shadow imps
  2 oozes
  2 adder zombies
  4 adder skeletons
  2 worms
  2 dart slugs
  6 leopard geckos
  49 orcs
  5 giant cockroaches
  17 goblins
  14 hobgoblins
  10 jackals
  3 quokkas
  4 ball pythons
  10 bats
  9 frilled lizards
  A jackal skeleton (D:6)
  13 kobolds
  2 rats (D:1)
347 creatures vanquished.

Notes
Turn   | Place    | Note
-------+----------+-------------------------------------------
     0 | D:1      | ohad the Demonspawn Gladiator began the quest for the Orb.
     0 | D:1      | Reached XP level 1. HP: 16/16 MP: 1/1
   362 | D:1      | Reached skill level 3 in Long Blades
   363 | D:1      | Gained mutation: You are slightly more attuned to the shadows. [demonic ancestry]
   363 | D:1      | Reached XP level 2. HP: 18/22 MP: 2/2
   753 | D:1      | Reached XP level 3. HP: 24/27 MP: 3/3
  1071 | D:2      | Reached skill level 1 in Stealth
  1355 | D:2      | Gained mutation: You have a pair of small antennae on your head. [demonic ancestry]
  1355 | D:2      | Reached XP level 4. HP: 29/33 MP: 4/4
  1569 | D:2      | Reached skill level 4 in Long Blades
  1737 | D:3      | Noticed ketsa's ghost (amateur GnSk)
  1770 | D:3      | Gained mutation: You are significantly more attuned to the shadows. [demonic ancestry]
  1770 | D:3      | Reached XP level 5. HP: 35/38 MP: 5/5
  1991 | D:3      | Found an opulent altar of Gozag.
  1997 | D:3      | Became a worshipper of Gozag Ym Sagoz the Greedy
  2451 | D:4      | Reached skill level 5 in Long Blades
  2617 | D:4      | Gained mutation: You are partially covered in large bone plates. (SH +4) [demonic ancestry]
  2617 | D:4      | Reached XP level 6. HP: 37/44 MP: 6/6
  2795 | D:4      | Reached skill level 1 in Armour
  2853 | D:4      | Noticed Natasha
  2858 | D:4      | Killed Natasha
  2874 | D:4      | Noticed a slave
  2875 | D:4      | Noticed a slave
  2876 | D:4      | Noticed a slave
  2877 | D:4      | Noticed Pikel
  2910 | D:3      | Killed a slave
  2928 | D:2      | Killed a slave
  3050 | D:4      | Noticed Eustachio
  3086 | D:4      | Killed Eustachio
  3317 | D:4      | Noticed Natasha
  3332 | D:4      | Killed Natasha
  3332 | D:4      | Reached XP level 7. HP: 50/50 MP: 7/7
  3396 | D:4      | Killed Pikel
  3396 | D:4      | Reached skill level 7 in Long Blades
  3396 | D:4      | Reached XP level 8. HP: 35/56 MP: 8/8
  3534 | D:4      | Noticed Natasha
  3547 | D:4      | Killed Natasha
  3547 | D:4      | Reached skill level 8 in Long Blades
  3600 | D:5      | Entered Level 5 of the Dungeon
  4025 | D:5      | Noticed Prince Ribbit
  4092 | D:5      | Killed Prince Ribbit
  4092 | D:5      | Reached skill level 9 in Long Blades
  4104 | D:5      | Found an ancient bone altar of Kikubaaqudgha.
  4159 | D:5      | Found a glowing drain.
  4169 | Sewer    | Entered a sewer
  4323 | D:5      | Found a staircase to the Ecumenical Temple.
  4389 | D:5      | Noticed Blork the orc
  4399 | D:5      | Killed Blork the orc
  4624 | D:6      | Reached skill level 10 in Long Blades
  4682 | D:6      | Gained mutation: When hurt, damage is shared between your health and your magic reserves. [demonic ancestry]
  4682 | D:6      | Reached XP level 9. HP: 61/61 MP: 9/9
  5535 | D:7      | Reached skill level 11 in Long Blades
  6147 | D:7      | Reached skill level 12 in Long Blades
  6174 | D:7      | Reached XP level 10. HP: 64/67 MP: 3/10
  6492 | D:8      | Noticed a death yak
  6565 | D:8      | Noticed a two-headed ogre
  6855 | D:8      | Reached skill level 13 in Long Blades
  6886 | D:8      | Noticed a two-headed ogre
  6903 | D:8      | Found a staircase to the Lair.
  6909 | D:8      | Killed a two-headed ogre
  7131 | D:8      | Killed a two-headed ogre
  7218 | D:8      | Reached skill level 14 in Long Blades
  7346 | D:8      | Noticed a death yak
  7598 | D:8      | Upgraded the game from 0.22-a0-441-gcf5b0c6 to 0.22-a0-445-g8c8ef71
  8046 | D:9      | Gained mutation: You are mostly covered in large bone plates. (SH +6) [demonic ancestry]
  8046 | D:9      | Reached XP level 11. HP: 72/75 MP: 11/11
  8415 | D:10     | Entered Level 10 of the Dungeon
  8601 | D:10     | Reached skill level 5 in Armour
  8667 | D:10     | Reached skill level 5 in Fighting
  8716 | D:10     | Noticed a purple ugly thing
  8737 | D:10     | Killed a purple ugly thing
  8758 | D:10     | Found a glowing golden altar of the Shining One.
  9309 | D:11     | Noticed a white ugly thing
  9309 | D:11     | Noticed a white ugly thing
  9491 | D:11     | Found a staircase to the Orcish Mines.
  9642 | Orc:1    | Entered Level 1 of the Orcish Mines
 10017 | Orc:1    | Noticed Fannar
 10047 | Orc:1    | Killed from afar by Fannar

Vault maps used:
D:1:      minmay_arrival_solitary_statue, minmay_misc_feat_four_crosses
D:3:      cheibrodos_greedy_goblins, grunt_gozag_statues
D:4:      uniq_pikel, uniq_eustachio, uniq_natasha
D:5:      kennysheep_mini, minmay_temple_entry_butterflies,
          portal_sewer_entry_d, first_ration, uniq_prince_ribbit1,
          uniq_blork_the_orc
D:8:      dpeg_lair_monsters
D:9:      enter_bailey_3, grunt_pizzeria
D:10:     basic_altar
D:11:     dragon1_lemuel, orc_0_dummy, minivault_22, kennysheep_doodads,
          st_stairs_9
Orc:1:    portal_ice_cave_entry_imps, nicolae_orc_pool_cavern, uniq_erolcha,
          uniq_fannar
Sewer:    sewer_big_baddie

Skill      XL: |  1  2  3  4  5  6  7  8  9 10 11 |
---------------+----------------------------------+-----
Long Blades    | 3 4 5 7 10 12 14 | 14.1
Throwing       | 2 |  2.0
Dodging        | 3 |  3.0
Stealth        | 2 |  2.0
Armour         | 3 4 6 |  6.7
Fighting       | 3 6 |  6.4

Action                   |  1- 3 |  4- 6 |  7- 9 | 10-12 || total
-------------------------+-------+-------+-------+-------++-------
Melee: Long sword        |   105 |   173 |   286 |       ||   564
       Great sword       |       |       |    89 |   469 ||   558
Throw: Throwing net      |       |     2 |       |       ||     2
Invok: Potion Petition   |       |     1 |     1 |     1 ||     3
  Use: Scroll            |       |       |     5 |     4 ||     9
       Potion            |       |       |     1 |     3 ||     4
 Stab: Sleeping          |    11 |    12 |    20 |       ||    43
       Distracted        |       |     2 |     2 |     6 ||    10
       Held in net/web   |       |     1 |       |       ||     1
  Eat: Chunk             |     2 |     2 |       |       ||     4
       Ration            |       |     1 |     3 |     4 ||     8
Armor: Leather armour    |    29 |    31 |       |       ||    60
       Scale mail        |       |    38 |   122 |     4 ||   164
       Plate armour      |       |       |       |   220 ||   220
       Chain mail        |       |       |       |    55 ||    55
Dodge: Dodged            |    79 |   137 |   163 |   185 ||   564
Block: Other             |       |    11 |    59 |   127 ||   197
       Rpst.: Long sword |    28 |    48 |    37 |       ||   113
       Great sword       |       |       |     9 |    53 ||    62

Table legend:
 A = Spawn XP
 B = Non-spawn XP
 C = Spawn XP percentage of total XP
 D = Spawn monster count
 E = Non-spawn monster count
 F = Spawn count percentage of total count
 G = Total turns spent on level
                    A         B        C        D         E        F      G
               +---------+---------+-------+---------+---------+-------+---------
         Total |       0 |   17770 |   0.0 |       0 |     344 |   0.0 | 10047
               +---------+---------+-------+---------+---------+-------+---------
           D:1 |       0 |      65 |   0.0 |       0 |      35 |   0.0 |  1005
           D:2 |       0 |     112 |   0.0 |       0 |      18 |   0.0 |   795
           D:3 |       0 |      73 |   0.0 |       0 |      26 |   0.0 |   859
           D:4 |       0 |    1376 |   0.0 |       0 |      36 |   0.0 |   941
           D:5 |       0 |     837 |   0.0 |       0 |      19 |   0.0 |   720
           D:6 |       0 |     857 |   0.0 |       0 |      18 |   0.0 |   964
           D:7 |       0 |    2809 |   0.0 |       0 |      40 |   0.0 |  1215
           D:8 |       0 |    3886 |   0.0 |       0 |      41 |   0.0 |  1207
           D:9 |       0 |    1742 |   0.0 |       0 |      28 |   0.0 |   612
          D:10 |       0 |    3780 |   0.0 |       0 |      45 |   0.0 |   862
          D:11 |       0 |    1234 |   0.0 |       0 |      16 |   0.0 |   542
         Orc:1 |       0 |     888 |   0.0 |       0 |      16 |   0.0 |   228
         Sewer |       0 |     111 |   0.0 |       0 |       6 |   0.0 |    97
               +---------+---------+-------+---------+---------+-------+---------
